[Event "Nakhchivan Open 2024"]
[Site "Nakhchivan"]
[Date "2024.01.11"]
[Round "3.6"]
[White "Israilov, Agil"]
[Black "Baghirov, Mahammad"]
[Result "1/2-1/2"]
[ECO "B39"]
[WhiteElo "2114"]
[BlackElo "1621"]
[Annotator "TA"]
[PlyCount "46"]
[EventDate "2024.01.11"]
[EventType "swiss"]
[EventCountry "AZE"]
[SourceTitle "playchess.com"]
[Source "ChessBase"]
[SourceQuality "1"]
[TimeControl "5400+30"]

1. e4 c5 2. Nf3 g6 3. d4 cxd4 4. Nxd4 Nc6 5. c4 Bg7 6. Be3 Nf6 7. Nc3 Ng4 8. Qxg4 Nxd4 9. Qd1 e5 10. Bd3 d6 11. O-O O-O 12. Qd2 Be6 13. Rad1 a6 14. b3 Rc8 15. Bb1 (15. f3 $14) 15... b5 $11 {[%emt 0:01:19] Die Stellung ist ausgeglichen.} 16. Nd5 (16. f4 $1 $11 {hält das Gleichgewicht.} Bg4 (16... bxc4 17. f5 $11) 17. Rc1) 16... bxc4 $17 {[%emt 0:00:19] Weiss muss nun ...c3 beachten.} 17. bxc4 Rxc4 18. Bd3 {[%emt 0:00:09] [#]} Bxd5 19. exd5 Rc5 20. Bxd4 exd4 21. Bxa6 Qa8 22. Bd3 Qxd5 23. a4 Qb3 {[%emt 0:00:51] Gewichteter Fehlerwert: Weiß=0.17 (sehr präzise) /Schwarz=0.05 (makellos) .  Fehler:       	Weiß=2     	Schwarz=1     OK:         	Weiß=6     	Schwarz=2     Bester:       	---       	Schwarz=2} ({Besser ist} 23... Bf6 $15) 1/2-1/2

[Event "Nakhchivan Open 2024"]
[Site "Nakhchivan"]
[Date "2024.01.12"]
[Round "4.1"]
[White "Gasimov, Parviz"]
[Black "Mamedjarova, Zeinab"]
[Result "1-0"]
[ECO "C50"]
[WhiteElo "2362"]
[BlackElo "2173"]
[Annotator "RC"]
[PlyCount "109"]
[EventDate "2024.01.11"]
[EventType "swiss"]
[EventCountry "AZE"]
[SourceTitle "playchess.com"]
[Source "ChessBase"]
[SourceQuality "1"]
[TimeControl "5400+30"]

1. e4 e5 2. Bc4 Nf6 3. d3 Nc6 4. Nf3 Bc5 5. O-O h6 6. c3 d6 7. a4 a5 8. Na3 O-O 9. Nc2 Be6 10. Bxe6 fxe6 11. Be3 Bxe3 12. Nxe3 Qd7 13. Nc4 Ne7 14. Re1 Ng6 15. d4 Qc6 16. Ncd2 Kh8 17. Qb3 b6 18. dxe5 dxe5 19. Nc4 Nd7 20. Qb5 Qxb5 21. axb5 Kh7 22. Rad1 Rad8 23. b4 axb4 24. cxb4 Nf6 25. Rc1 Rd3 26. Ncxe5 Nxe5 27. Nxe5 Rd4 28. Rc4 Rd2 29. Rxc7 Rb2 30. f3 Rd8 31. Nc4 Rxb4 32. Rc6 Rxb5 33. Rxb6 Rxb6 34. Nxb6 Rd4 35. Rc1 Nh5 36. Rc2 Nf4 37. Nc4 Kg6 38. Kf2 Rd1 39. g3 Nh3+ 40. Kg2 Ng5 41. Ne5+ Kf6 42. Ng4+ Kg6 43. Ne5+ Kf6 44. Ng4+ Kg6 45. h4 Nf7 46. Rc6 Rd2+ 47. Kh3 Nd8 48. Rc7 h5 49. Ne5+ Kh7 50. Re7 Rd4 51. Re8 Rd6 52. f4 Nb7 53. Nf7 Rb6 54. Rh8+ Kg6 55. Ne5+ 1-0

[Event "Nakhchivan Open 2024"]
[Site "Nakhchivan"]
[Date "2024.01.12"]
[Round "4.2"]
[White "Ahmadov, Fariz"]
[Black "Hasanzade, Toghrul"]
[Result "0-1"]
[ECO "A45"]
[WhiteElo "2193"]
[BlackElo "2329"]
[Annotator "RC"]
[PlyCount "46"]
[EventDate "2024.01.11"]
[EventType "swiss"]
[EventCountry "AZE"]
[SourceTitle "playchess.com"]
[Source "ChessBase"]
[SourceQuality "1"]
[TimeControl "5400+30"]

1. d4 Nf6 2. Bf4 g6 3. Nd2 Bg7 4. e4 d6 5. Ngf3 O-O 6. h3 c5 7. d5 Nbd7 8. c3 Rb8 9. a4 a6 10. a5 Ne8 11. Bd3 Ne5 12. Bxe5 dxe5 13. Nc4 Qc7 14. O-O Bd7 15. Ne3 f5 16. exf5 gxf5 17. Ng5 e4 18. d6 Nxd6 19. Nd5 Qd8 20. Nf4 exd3 21. Qh5 h6 22. Nge6 Bxe6 23. Nxe6 Qe8 0-1

[Event "Nakhchivan Open 2024"]
[Site "Nakhchivan"]
[Date "2024.01.12"]
[Round "4.3"]
[White "Kul, Ozdemir Efe"]
[Black "Aliyev, Aykhan"]
[Result "1/2-1/2"]
[ECO "A06"]
[WhiteElo "2223"]
[BlackElo "1962"]
[Annotator "RC"]
[PlyCount "86"]
[EventDate "2024.01.11"]
[EventType "swiss"]
[EventCountry "AZE"]
[SourceTitle "playchess.com"]
[Source "ChessBase"]
[SourceQuality "1"]
[TimeControl "5400+30"]

1. Nf3 d5 2. g3 Nf6 3. Bg2 e6 4. O-O Be7 5. d3 O-O 6. Nbd2 c5 7. e4 b6 8. e5 Nfd7 9. Re1 Bb7 10. h4 Nc6 11. Nf1 Re8 12. Bf4 Nf8 13. h5 f6 14. N1h2 Nd7 15. Ng4 f5 16. Ngh2 b5 17. Qd2 Nd4 18. Nxd4 cxd4 19. Nf3 Qb6 20. Bg5 Bf8 21. h6 g6 22. Qf4 Bc5 23. g4 Rf8 24. Bh3 fxg4 25. Qxg4 Rae8 26. Re2 Qc7 27. Qg3 Bc8 28. Kg2 Qc6 29. Rg1 Qc7 30. Bc1 Kh8 31. a3 a5 32. b3 Nb8 33. Bb2 Nc6 34. Qh4 Qe7 35. Qxe7 Rxe7 36. Kg3 Bb6 37. Bc1 Bc7 38. Bg4 Ref7 39. Rge1 Kg8 40. Kg2 Kh8 41. Bg5 Bd8 42. Bc1 Bc7 43. Bg5 Bd8 1/2-1/2

[Event "Nakhchivan Open 2024"]
[Site "Nakhchivan"]
[Date "2024.01.12"]
[Round "4.4"]
[White "Baghirov, Mahammad"]
[Black "Azimov, Yasin"]
[Result "1-0"]
[ECO "D88"]
[WhiteElo "1621"]
[BlackElo "1608"]
[Annotator "NA RC COMBH"]
[PlyCount "63"]
[EventDate "2024.01.11"]
[EventType "swiss"]
[EventCountry "AZE"]
[SourceTitle "playchess.com"]
[Source "ChessBase"]
[SourceQuality "1"]
[TimeControl "5400+30"]

1. d4 Nf6 2. c4 g6 3. Nc3 d5 4. cxd5 Nxd5 5. e4 Nxc3 6. bxc3 Bg7 7. Bc4 O-O 8. Ne2 c5 9. O-O cxd4 10. cxd4 Nc6 11. Be3 Bd7 12. Qd2 Rc8 13. Rac1 a6 14. f3 Qa5 15. Qxa5 Nxa5 16. Bd3 Nc6 17. Rfd1 Nb4 18. Bb1 Ba4 19. Re1 Bc2 20. Bd2 Bxb1 21. Bxb4 Rxc1 22. Rxc1 Bd3 23. Kf2 Bxe2 24. Kxe2 Bxd4 25. Bxe7 Re8 26. Rc7 b5 27. f4 Bb6 28. Rd7 Rc8 29. Kd3 Rc1 30. Rb7 Rc7 31. Rb8+ Kg7 32. Bf8+ 1-0

[Event "Nakhchivan Open 2024"]
[Site "Nakhchivan"]
[Date "2024.01.12"]
[Round "4.6"]
[White "Gulumov, Muthat"]
[Black "Hatamov, Bahaddin"]
[Result "1-0"]
[ECO "C51"]
[WhiteElo "1843"]
[BlackElo "1295"]
[Annotator "NA RC COMBH"]
[PlyCount "71"]
[EventDate "2024.01.11"]
[EventType "swiss"]
[EventCountry "AZE"]
[SourceTitle "playchess.com"]
[Source "ChessBase"]
[SourceQuality "1"]
[TimeControl "5400+30"]

1. e4 e5 2. Nf3 Nc6 3. Bc4 Bc5 4. b4 Bb6 5. a4 a6 6. O-O Nf6 7. d4 Bxd4 8. Nxd4 Nxd4 9. f4 d6 10. fxe5 dxe5 11. Bg5 Bg4 12. Bxf6 Bxd1 13. Bxd8 Rxd8 14. Bxf7+ Ke7 15. Nc3 Ne2+ 16. Nxe2 Bxe2 17. Rf2 Bg4 18. Bd5 c6 19. Rf7+ Kd6 20. Rxg7 cxd5 21. Rxg4 d4 22. Rf1 Rhe8 23. Rg7 Rd7 24. Rf6+ Re6 25. Rxe6+ Kxe6 26. Rxd7 Kxd7 27. Kf2 Kd6 28. a5 Kc6 29. g4 Kb5 30. Ke2 Kxb4 31. g5 Kc5 32. h4 Kd6 33. h5 Ke6 34. Kd3 Ke7 35. Kc4 Ke6 36. Kc5 1-0

[Event "Nakhchivan Open 2024"]
[Site "Nakhchivan"]
[Date "2024.01.12"]
[Round "5.1"]
[White "Hasanzade, Toghrul"]
[Black "Gasimov, Parviz"]
[Result "1/2-1/2"]
[ECO "E92"]
[WhiteElo "2329"]
[BlackElo "2362"]
[Annotator "RC"]
[PlyCount "21"]
[EventDate "2024.01.11"]
[EventType "swiss"]
[EventCountry "AZE"]
[SourceTitle "playchess.com"]
[Source "ChessBase"]
[SourceQuality "1"]
[TimeControl "5400+30"]

1. d4 Nf6 2. Nf3 g6 3. c4 Bg7 4. Nc3 O-O 5. e4 d6 6. Be2 e5 7. dxe5 dxe5 8. Qxd8 Rxd8 9. Bg5 Re8 10. O-O c6 11. Rfd1 1/2-1/2

[Event "Nakhchivan Open 2024"]
[Site "Nakhchivan"]
[Date "2024.01.12"]
[Round "5.2"]
[White "Baghirov, Mahammad"]
[Black "Kul, Ozdemir Efe"]
[Result "1-0"]
[ECO "B30"]
[WhiteElo "1621"]
[BlackElo "2223"]
[Annotator "RC"]
[PlyCount "157"]
[EventDate "2024.01.11"]
[EventType "swiss"]
[EventCountry "AZE"]
[SourceTitle "playchess.com"]
[Source "ChessBase"]
[SourceQuality "1"]
[TimeControl "5400+30"]

1. e4 c5 2. Nf3 Nc6 3. b3 e5 4. Bb2 d6 5. Nc3 g6 6. Nd5 Bg7 7. c4 Nge7 8. d3 h6 9. Be2 O-O 10. Qd2 a6 11. O-O f5 12. a3 f4 13. b4 b6 14. Rab1 g5 15. h3 Nxd5 16. cxd5 Nb8 17. bxc5 bxc5 18. Nh2 Nd7 19. Bc3 Nf6 20. Ba5 Qe7 21. Rb6 Rf7 22. Rfb1 Bf8 23. Rb8 Qa7 24. Qb2 Rxb8 25. Qxb8 Qxb8 26. Rxb8 Bd7 27. Bd8 Kh7 28. Bxf6 Rxf6 29. Rb7 Rf7 30. Bg4 Be8 31. Rb8 Re7 32. Rd8 h5 33. Bf5+ Kg7 34. Nf3 Bb5 35. Nxg5 Re8 36. Ne6+ Kg8 37. Rxe8 Bxe8 38. Nc7 Ba4 39. Bc8 a5 40. Ba6 Be7 41. Bb5 Bd1 42. f3 Kf7 43. a4 Bd8 44. Ne8 Be7 45. Kf1 Bf8 46. Ke1 Bb3 47. Kd2 Ke7 48. Nc7 Bg7 49. Na6 Kd8 50. Nb8 Kc7 51. Nc6 Kb6 52. Ne7 Kc7 53. Nc6 Kb6 54. Nd8 Bf6 55. Ne6 Kb7 56. h4 Bxh4 57. Ng7 Bg5 58. Nxh5 Kb6 59. Ng7 Bf6 60. Nf5 Kc7 61. Nh6 Bg5 62. Ng4 Kd8 63. Nh2 Bh4 64. Nf1 Ke7 65. Ke2 Kd8 66. Nd2 Ba2 67. Bc4 Bxc4 68. Nxc4 Kc7 69. Nxa5 Be7 70. Nc4 Bh4 71. Kd2 Be7 72. Kc3 Kb7 73. Kd2 Kc7 74. Ke1 Bh4+ 75. Kf1 Kd7 76. a5 Be7 77. a6 Kc7 78. Na5 Kb6 79. a7 1-0

[Event "Nakhchivan Open 2024"]
[Site "Nakhchivan"]
[Date "2024.01.12"]
[Round "5.3"]
[White "Aliyev, Aykhan"]
[Black "Israilov, Agil"]
[Result "1/2-1/2"]
[ECO "B42"]
[WhiteElo "1962"]
[BlackElo "2114"]
[Annotator "TA"]
[PlyCount "42"]
[EventDate "2024.01.11"]
[EventType "swiss"]
[EventCountry "AZE"]
[SourceTitle "playchess.com"]
[Source "ChessBase"]
[SourceQuality "1"]
[TimeControl "5400+30"]

1. e4 c5 2. Nf3 e6 3. d4 cxd4 4. Nxd4 a6 5. Bd3 Nf6 6. O-O d6 7. c4 g6 8. Nc3 Bg7 9. Qe2 O-O 10. Be3 Qc7 11. Rae1 {[%emt 0:02:01] White is more active.} Nbd7 12. Kh1 b6 13. f4 (13. f3 $14) 13... Bb7 $11 {[%emt 0:00:42] The position is equal.} 14. Bg1 Nc5 15. Bb1 Rac8 16. Nf3 Rfe8 17. Bd4 Ncd7 18. Bd3 Nc5 19. Bb1 Ncd7 20. Bd3 Nc5 21. Bb1 Ncd7 {Weighted Error Value: White=0.13 (very precise) /Black=0.09 (flawless) .  Mistake:       	White=1     	---        Inaccurate:     	White=1     	---        OK:         	White=6     	Black=5} 1/2-1/2

[Event "Nakhchivan Open 2024"]
[Site "Nakhchivan"]
[Date "2024.01.12"]
[Round "5.4"]
[White "Azimov, Yasin"]
[Black "Ahmadov, Fariz"]
[Result "0-1"]
[ECO "A10"]
[WhiteElo "1608"]
[BlackElo "2193"]
[Annotator "TA"]
[PlyCount "74"]
[EventDate "2024.01.11"]
[EventType "swiss"]
[EventCountry "AZE"]
[SourceTitle "playchess.com"]
[Source "ChessBase"]
[SourceQuality "1"]
[TimeControl "5400+30"]

1. c4 d6 2. g3 e5 3. Bg2 Nc6 4. Nc3 Nf6 5. e3 Be7 6. Nge2 O-O 7. O-O Bg4 8. h3 Bf5 9. d3 h6 {[%emt 0:01:30] Weiß steht etwas besser.} 10. e4 Bd7 11. f4 exf4 12. gxf4 Nh7 13. Nd5 Bh4 14. Bd2 Ne7 15. Ne3 c6 16. d4 d5 17. cxd5 (17. exd5 cxd5 18. cxd5 Nf5 $15) 17... cxd5 18. e5 (18. exd5 Re8 $15) (18. Nxd5 Nxd5 19. exd5 Rc8 $15) 18... Nf5 (18... Qb6 $16) 19. Nxf5 (19. Nxd5 Be6 20. Ne3 Nxd4 $16) ({Günstiger ist} 19. Kh2 $1 $18) 19... Bxf5 $16 20. Bb4 Re8 21. Nc3 a5 22. Bd6 (22. Bc5 $16) 22... Re6 (22... Nf6 $11) 23. Qh5 (23. Bxd5 $6 Rxd6 24. exd6 Nf6 $11) 23... Bg6 24. Qg4 {[%emt 0:06:56][%cal Of4f5] Droht stark f5!} Bd3 25. Rfd1 Rg6 26. Qf3 ({Besser ist} 26. Qh5 $16 Be4 27. Nxe4 dxe4 28. Rac1) 26... Bf5 $15 27. Nxd5 Nf8 (27... Rg3 $1 $15 {bleibt weiter vorne.} 28. Ne7+ Kh8 29. Nxf5 Rxf3 30. Bxf3 Bg5) 28. Ne3 Rg3 29. Qxb7 Bxh3 30. Rd2 Ne6 31. Kh2 (31. Rc1 $1 $14) 31... Nxf4 $11 {[%emt 0:01:32] ...Rc8 wäre nun fies.} 32. Be7 $2 (32. e6 $11 {und Weiss muss sich keine Sorgen machen.} Qxd6 33. Qxa8+ Kh7 34. exf7 Bxg2 (34... Rxe3 $2 35. Qg8+ Kg6 36. f8=Q $18) (34... Rxg2+ $2 35. Nxg2 Nxg2+ 36. Kh1 $18) 35. Rxg2 (35. f8=Q $2 Rh3+ 36. Kg1 Rh1#) (35. Qg8+ Kg6 $11) 35... Rxg2+ 36. Nxg2 Ne2+ 37. Kh1 Ng3+ 38. Kg1 Ne2+ 39. Kf1 (39. Kh1 Ng3+ 40. Kg1 Ne2+ 41. Kh1 $11) 39... Ng3+ 40. Kg1 Ne2+ 41. Kf1 (41. Kh1 Ng3+ 42. Kg1 $11) 41... Ng3+ 42. Kg1) 32... Bxe7 $2 (32... Bxg2 $19 {und Schwarz behält klar die Oberhand.} 33. Nxg2 Rxg2+ (33... Qxe7 $2 {ist das falsche Schlagen.} 34. Qxa8+ Kh7 35. Nxf4 $18) (33... Bxe7 34. Kxg3 Rb8 35. Qe4 $14) 34. Qxg2 Bxe7 (34... Qxe7 $2 {zu gefräßig.} 35. Qxa8+ Kh7 36. Qe4+ g6 37. Qxf4 $18)) 33. Kxg3 $17 {[%emt 0:00:08] [#]} Nxg2 $1 34. Nxg2 Bg5 35. Rf2 Be6 {[%emt 0:00:07][%cal Oa8b8][%mdl 1024] Droht ...Rb8! und aus. Schwarz hat Kompensation. Sehr scharf!} 36. Qe4 Bd5 {[%emt 0:00:18] Das Läuferpaar ist gut.} 37. Qg4 {[%emt 0:00:06] [#]} (37. Qf5 $142) 37... Ra6 $1 {[%emt 0:01:41] Schwarz hat seine Chance genutzt.   Gewichteter Fehlerwert: Weiß=0.39/Schwarz=0.30.  Verlustzug:     	Weiß=1     	---        Gewinn verpasst:   	---       	Schwarz=1     Fehler:       	Weiß=5     	Schwarz=3     Ungenau:       	Weiß=3     	Schwarz=1     OK:         	Weiß=13    	Schwarz=10    Bester:       	---       	Schwarz=2     Stark:        	---       	Schwarz=2} 0-1

[Event "Nakhchivan Open 2024"]
[Site "Nakhchivan"]
[Date "2024.01.12"]
[Round "5.5"]
[White "Mamedjarova, Zeinab"]
[Black "Hasanli, Rza"]
[Result "1/2-1/2"]
[ECO "D05"]
[WhiteElo "2173"]
[BlackElo "1622"]
[Annotator "TA"]
[PlyCount "67"]
[EventDate "2024.01.11"]
[EventType "swiss"]
[EventCountry "AZE"]
[SourceTitle "playchess.com"]
[Source "ChessBase"]
[SourceQuality "1"]
[TimeControl "5400+30"]

1. d4 d5 2. Nf3 Nf6 3. e3 e6 4. Bd3 c5 5. O-O Nc6 6. b3 Bd6 7. Bb2 b6 8. Nbd2 Bb7 9. Ne5 O-O {[%emt 0:00:39] The position is equal.} 10. a3 Ne7 11. Qe2 Ne4 12. Bxe4 dxe4 13. dxc5 Bxc5 14. Rfd1 {[%emt 0:07:04][%cal Od2e4] [#] Hoping for Nxe4!} Qc7 $1 15. Qh5 Ng6 (15... Rad8 {with more complications.} 16. b4 Bd6 17. Nec4 Ng6) 16. Nxg6 hxg6 17. Qe2 Bd6 18. Nf1 Rfd8 19. a4 a6 20. h3 Be5 ({Black should play} 20... f6 $15) 21. Bxe5 Qxe5 22. Rxd8+ Rxd8 23. Rd1 Rd6 24. Rxd6 Qxd6 $11 {[%emt 0:00:08][%mdl 4096] Endgame. KQB-KQN} 25. Qd2 Qc7 26. Ng3 g5 27. Ne2 f5 28. Qc3 Qd6 29. Qd4 Qc7 30. c4 Bc6 {[%emt 0:06:20] [#]} (30... Kf7 $11) 31. Nc3 ({Better is} 31. a5 $1 $16 bxa5 32. Qc5) 31... Bb7 32. Nd1 a5 33. Nc3 {[%emt 0:00:24] Threatens to win with Nb5.} Bc6 (33... e5 $142 34. Qd2 Qe7) 34. c5 {Weighted Error Value: White=0.08 (flawless) /Black=0.19 (very precise) .  Mistake:       	White=1     	Black=3      Inaccurate:     	White=1     	Black=2      OK:         	White=10    	Black=8      Strong:       	---       	Black=1} 1/2-1/2

[Event "Nakhchivan Open 2024"]
[Site "Nakhchivan"]
[Date "2024.01.12"]
[Round "5.6"]
[White "Khalilov, Yunis"]
[Black "Gulumov, Muthat"]
[Result "0-1"]
[ECO "B20"]
[WhiteElo "1562"]
[BlackElo "1843"]
[Annotator "NA RC COMBH"]
[PlyCount "60"]
[EventDate "2024.01.11"]
[EventType "swiss"]
[EventCountry "AZE"]
[SourceTitle "playchess.com"]
[Source "ChessBase"]
[SourceQuality "1"]
[TimeControl "5400+30"]

1. e4 c5 2. c4 Nc6 3. Nf3 e6 4. Nc3 Nf6 5. Be2 d5 6. exd5 exd5 7. cxd5 Nxd5 8. d4 cxd4 9. Nxd4 Bb4 10. Nxc6 bxc6 11. O-O O-O 12. Nxd5 cxd5 13. Qb3 Rb8 14. a3 Bd6 15. Qd3 Be6 16. b4 Qh4 17. g3 Qf6 18. Bd2 Rbd8 19. Be3 Be5 20. Rad1 d4 21. Bc1 Rc8 22. f4 Bc7 23. f5 Bc4 24. Qxc4 Bb6 25. Qd3 Rc3 26. Qd2 Rc2 27. Qg5 d3+ 28. Rf2 Rxe2 29. Rdf1 Qxg5 30. Bxg5 d2 0-1

[Event "Nakhchivan Open 2024"]
[Site "Nakhchivan"]
[Date "2024.01.13"]
[Round "6.1"]
[White "Gasimov, Parviz"]
[Black "Baghirov, Mahammad"]
[Result "1-0"]
[ECO "B04"]
[WhiteElo "2362"]
[BlackElo "1621"]
[Annotator "RC"]
[PlyCount "53"]
[EventDate "2024.01.11"]
[EventType "swiss"]
[EventCountry "AZE"]
[SourceTitle "playchess.com"]
[Source "ChessBase"]
[SourceQuality "1"]
[TimeControl "5400+30"]

1. e4 Nf6 2. e5 Nd5 3. d4 d6 4. Nf3 g6 5. Bc4 Nb6 6. Bb3 Bg7 7. O-O O-O 8. h3 Nc6 9. Qe2 dxe5 10. dxe5 Nd4 11. Nxd4 Qxd4 12. Re1 Be6 13. Nd2 Bxb3 14. axb3 e6 15. Nf3 Qd7 16. Qe4 Nd5 17. Bd2 c5 18. Rad1 Qc6 19. Qh4 Rae8 20. Bh6 f6 21. Bxg7 Kxg7 22. c4 Ne7 23. Rd6 Qc8 24. exf6+ Rxf6 25. Ng5 Nf5 26. Qxh7+ Kf8 27. Rd7 1-0

[Event "Nakhchivan Open 2024"]
[Site "Nakhchivan"]
[Date "2024.01.13"]
[Round "6.2"]
[White "Israilov, Agil"]
[Black "Hasanzade, Toghrul"]
[Result "1/2-1/2"]
[ECO "B45"]
[WhiteElo "2114"]
[BlackElo "2329"]
[Annotator "RC"]
[PlyCount "51"]
[EventDate "2024.01.11"]
[EventType "swiss"]
[EventCountry "AZE"]
[SourceTitle "playchess.com"]
[Source "ChessBase"]
[SourceQuality "1"]
[TimeControl "5400+30"]

1. e4 c5 2. Nf3 e6 3. d4 cxd4 4. Nxd4 Nc6 5. Nc3 Nf6 6. Ndb5 Bc5 7. Bf4 O-O 8. Bc7 Qe7 9. Bd6 Bxd6 10. Qxd6 Qd8 11. Nc7 Rb8 12. Be2 b5 13. e5 b4 14. exf6 bxc3 15. fxg7 Kxg7 16. Qg3+ Kh8 17. Qxc3+ f6 18. Nb5 Qb6 19. O-O-O Ba6 20. Rxd7 Ne5 21. Rxh7+ Kxh7 22. Qh3+ Kg7 23. Qg3+ Ng6 24. Bh5 Rb7 25. Qxg6+ Kh8 26. Bf3 1/2-1/2

[Event "Nakhchivan Open 2024"]
[Site "Nakhchivan"]
[Date "2024.01.13"]
[Round "6.3"]
[White "Ahmadov, Fariz"]
[Black "Karimov, Hasan"]
[Result "1-0"]
[ECO "B06"]
[WhiteElo "2193"]
[BlackElo "1271"]
[Annotator "RC"]
[PlyCount "47"]
[EventDate "2024.01.11"]
[EventType "swiss"]
[EventCountry "AZE"]
[SourceTitle "playchess.com"]
[Source "ChessBase"]
[SourceQuality "1"]
[TimeControl "5400+30"]

1. d4 g6 2. e4 Bg7 3. h4 d6 4. h5 e5 5. h6 Bf6 6. d5 c6 7. c4 Bg5 8. Nc3 Bxc1 9. Qxc1 Nd7 10. Qd2 c5 11. O-O-O a6 12. g3 Nb6 13. f4 Bg4 14. Re1 f6 15. Nd1 Qd7 16. Ne3 O-O-O 17. Nxg4 Qa4 18. b3 Qa3+ 19. Qb2 Qb4 20. Rd1 Nd7 21. Ne3 Ne7 22. Bh3 Rhf8 23. Bxd7+ Rxd7 24. Nf3 1-0

[Event "Nakhchivan Open 2024"]
[Site "Nakhchivan"]
[Date "2024.01.13"]
[Round "6.4"]
[White "Gulumov, Muthat"]
[Black "Aliyev, Aykhan"]
[Result "1/2-1/2"]
[ECO "C42"]
[WhiteElo "1843"]
[BlackElo "1962"]
[Annotator "TA"]
[PlyCount "78"]
[EventDate "2024.01.11"]
[EventType "swiss"]
[EventCountry "AZE"]
[SourceTitle "playchess.com"]
[Source "ChessBase"]
[SourceQuality "1"]
[TimeControl "5400+30"]

1. e4 e5 2. Nf3 Nf6 3. Nxe5 d6 4. Nf3 Nxe4 5. Nc3 Nxc3 6. dxc3 Be7 7. Be3 Nc6 8. Qd2 Be6 9. O-O-O Bf6 10. Kb1 Qd7 11. Nd4 {[%emt 0:00:47] White is slightly better.} Nxd4 12. Bxd4 Bxd4 13. Qxd4 O-O 14. Bd3 Qc6 15. Qh4 {[%emt 0:02:44][%csl Gd3][%cal Rh4h7] [#]} g6 (15... h6 $11) 16. Qh6 $1 $14 Qd5 (16... Qxg2 $2 17. h4 Bd5 (17... Qxf2 $2 18. h5 $18) 18. h5 Qxh1 19. Rxh1 Bxh1 20. hxg6 fxg6 21. Qxh1 $18) 17. c4 (17. h4 $16 {Hoping for h5.} Qxa2+ (17... Qxg2 $2 18. h5 $18) 18. Kc1) 17... Qe5 $11 (17... Qxg2 $2 18. h4 Qg4 19. h5 $18) 18. h4 Qg7 19. Qd2 a6 20. h5 b5 21. hxg6 (21. cxb5 axb5 22. a3 (22. Bxb5 $2 Bxa2+ 23. Kc1 Bc4 $19) 22... b4 23. axb4 (23. Qxb4 $2 Rfb8 $19) 23... Ba2+ 24. Kc1 Bc4 $15) 21... fxg6 22. Rh4 bxc4 (22... Qf6 $11 23. Rdh1 bxc4) 23. Bxc4 $16 Bxc4 (23... Qf6 $14) 24. Rxc4 Qf7 25. Qc3 Qf6 26. Qb3 {[%emt 0:02:12] Threatens to win with Rf4+.} Qf7 {[%emt 0:00:05] [#]} 27. f3 $1 Rfc8 28. Rh1 {[%emt 0:03:27][%cal Oh1h7] White is more active.} Rab8 29. Qc3 ({White should try} 29. Qa4) 29... Qg7 30. Qxg7+ (30. Qa3 {is interesting.} Re8 31. b3 Rb6 32. Qa5) 30... Kxg7 {[%emt 0:00:02][%mdl 4096] Endgame. KRR-KRR} 31. Rch4 (31. Re1 $14) 31... h5 $11 {[%emt 0:00:53] The position is equal.} 32. g4 hxg4 $1 33. fxg4 (33. Rh7+ Kf6 34. fxg4 Rb4 $17) 33... Kf6 (33... Rh8 34. Rxh8 Rxh8 35. Rxh8 Kxh8 36. b4) 34. Rh7 Kg5 35. b3 Rb5 36. a4 Re5 37. Rg7 Re4 38. Rg1 c5 39. Rd1 Rc6 {[%emt 0:00:47] Weighted Error Value: White=0.15 (very precise) /Black=0.15 (very precise) .  Mistake:       	White=3     	Black=3      Inaccurate:     	White=3     	Black=2      OK:         	White=9     	Black=12     Strong:       	White=1     	Black=1} 1/2-1/2